 Dungeon Crawl Stone Soup version 0.30-a0-341-g682706514a (webtiles) character file.

Game seed: 2756611571670826979

714 HoaS the Skirmisher (level 7, -5/40 HPs)
             Began as a Tengu Hunter on Nov 3, 2022.
             Was an Initiate of Okawaru.
             Asphyxiated
             ... on level 6 of the Dungeon.
             The game lasted 00:08:57 (4964 turns).

HoaS the Skirmisher (Tengu Hunter)                  Turns: 4964, Time: 00:08:57

Health: -5/40      AC: 12    Str: 11    XL:     7   Next: 69%
Magic:  8/9        EV: 14    Int: 10    God:    Okawaru [......]
Gold:   304        SH:  0    Dex: 19    Spells: 6/6 levels left

rFire   . . .      SeeInvis .    a - +1 shortbow (vorpal)
rCold   . . .      Faith    .    (shield currently unavailable)
rNeg    . . .      Spirit   .    l - +3 leather armour
rPois   .          Reflect  .    (helmet restricted)
rElec   .          Harm     .    (no cloak)
rCorr   .          Rampage  .    o - +1 pair of gloves
Will    .....                    (boots unavailable)
Stlth   ++........               k - amulet of the acrobat
HPRegen 0.26/turn                q - +4 ring of protection
MPRegen 0.11/turn                (no ring)

@: lethally poisoned (-5 -> -52), flying quickly and evasively, slowed, very
slow
A: beak, talons 3, nimble flight
a: Renounce Religion


You were on level 6 of the Dungeon.
You worshipped Okawaru.
Okawaru was noncommittal.
You visited 2 branches of the dungeon, and saw 7 of its levels.

You collected 304 gold pieces.

Inventory:

Hand Weapons
 a - a +1 vorpal shortbow (weapon)
Armour
 l - a +3 leather armour (worn)
 o - a +1 pair of gloves (worn)
Jewellery
 k - an amulet of the acrobat (around neck)
 q - a +4 ring of protection (left hand)
Wands
 c - a wand of acid (7)
Scrolls
 b - a scroll of immolation
 p - 2 scrolls of poison
Potions
 d - 2 potions of mutation
 e - 2 potions of attraction
 f - 2 potions of lignification
 g - a potion of might
 i - a potion of resistance {unknown}
 j - 2 potions of curing
 m - a potion of degeneration {unknown}
 n - a potion of flight {unknown}
 r - a potion of brilliance {unknown}


   Skills:
 - Level 2.0 Fighting
 * Level 9.8 Ranged Weapons
 - Level 2.1 Dodging
 - Level 1.0 Stealth
 + Level 1.5 Invocations


You had 6 spell levels left.
You didn't know any spells.
Your spell library was empty.

Dungeon Overview and Level Annotations

Branches:
Dungeon (6/15)             Temple (1/1) D:5

Altars:
Ashenzari
Cheibriados
Dithmenos
Fedhas
Gozag
Hepliaklqana
Kikubaaqudgha
Makhleb
Nemelex Xobeh
Okawaru
Ru
Trog
Vehumet
Wu Jian
Xom
Yredelemnul
Zin


Innate Abilities, Weirdness & Mutations

You have a beak for a mouth.
You have claws for feet.
Your magical nature lets you fly swiftly and evasively.


Message History

You shoot an arrow. The arrow hits the ogre!
The ogre is severely wounded.
You shoot an arrow. The arrow hits the ogre!
You kill the ogre!
Okawaru accepts your kill.
The kobold brigand throws a curare-tipped dart.
The curare-tipped dart barely misses you.
A kobold comes into view. It is wielding a +0 club.
You shoot an arrow. The kobold shouts!
The arrow hits the kobold brigand.
The kobold brigand is moderately wounded.
The kobold brigand throws a curare-tipped dart.
The curare-tipped dart hits you.
You are poisoned.
You have difficulty breathing.
You feel yourself slow down.
The kobold throws a poisoned dart.
The poisoned dart hits you.
You are more poisoned.
A kobold comes into view. It is wielding a +0 club.
You shoot an arrow.
The arrow barely misses the kobold brigand.
You feel extremely sick.
The kobold throws a poisoned dart.
The poisoned dart closely misses you.
You shoot an arrow.
The arrow barely misses the kobold brigand.
You feel very sick.
The kobold brigand throws a curare-tipped dart.
The curare-tipped dart hits you.
You are lethally poisoned!
You have difficulty breathing.
You feel as though you will be slow longer.
The kobold throws a poisoned dart.
The poisoned dart hits you!
You are more poisoned.
* * * LOW HITPOINT WARNING * * *
You feel extremely sick.
The kobold brigand throws a curare-tipped dart.
The curare-tipped dart hits you.
You are more poisoned.
You have difficulty breathing.
You die...

# ...
####.....
#@.......
#...........
#...)......#
#KK.....####
#)K.....#
.K......#
.........#
....#######


You could see a kobold brigand and 3 kobolds.

Vanquished Creatures
  A black bear (D:5)
  The ghost of MTVSty1e the Chopper, an amateur MiFi (D:3)
  An ogre (D:6)
  A centaur (D:3)
  A scorpion (D:5)
  A hound (D:5)
  An orc priest (D:4)
  An iguana (D:5)
  2 orc wizards (D:5)
  8 adders
  An ufetubus (D:5)
  2 worms
  3 dart slugs
  10 orcs
  10 endoplasms
  4 giant cockroaches
  4 goblins
  6 hobgoblins
  6 jackals
  3 quokkas
  3 ball pythons
  5 bats
  4 frilled lizards
  8 kobolds
  2 rats
89 creatures vanquished.

Notes
Turn   | Place    | Note
-------+----------+-------------------------------------------
     0 | D:1      | HoaS the Tengu Hunter began the quest for the Orb.
     0 | D:1      | Reached XP level 1. HP: 12/12 MP: 2/2
   300 | D:1      | Reached XP level 2. HP: 17/17 MP: 3/3
   340 | D:1      | Reached skill level 5 in Ranged Weapons
   770 | D:2      | Reached XP level 3. HP: 17/21 MP: 4/4
  1180 | D:2      | Found a faded altar of an unknown god.
  1604 | D:3      | Reached skill level 6 in Ranged Weapons
  1604 | D:3      | Reached XP level 4. HP: 18/26 MP: 5/5
  1985 | D:3      | Noticed a centaur
  2289 | D:4      | You are sucked into a shaft and drop 1 floor!
  2289 | D:5      | Entered Level 5 of the Dungeon
  2703 | D:5      | Gained mutation: Your magical nature lets you fly swiftly
                  | and evasively. [Tengu growth]
  2703 | D:5      | Reached XP level 5. HP: 28/30 MP: 6/6
  2715 | D:4      | Reached skill level 7 in Ranged Weapons
  2828 | D:4      | Found a sparkling altar of Nemelex Xobeh.
  3218 | D:3      | Found a large runed translucent door.
  3218 | D:3      | Found a large runed translucent door.
  3257 | D:3      | Found a faded altar of an unknown god.
  3261 | D:3      | Found a shadowy altar of Dithmenos.
  3376 | D:3      | Killed a centaur
  3377 | D:3      | Reached skill level 8 in Ranged Weapons
  3377 | D:3      | Reached XP level 6. HP: 31/35 MP: 7/7
  3528 | D:3      | Noticed MTVSty1e's ghost (amateur MiFi)
  3796 | D:5      | Noticed a black bear
  3808 | D:5      | Killed a black bear
  3836 | D:5      | Reached XP level 7. HP: 33/40 MP: 8/8
  3843 | D:5      | Reached skill level 9 in Ranged Weapons
  4342 | D:5      | Found a staircase to the Ecumenical Temple.
  4351 | Temple   | Entered the Ecumenical Temple
  4358 | Temple   | Became a worshipper of Warmaster Okawaru
  4721 | D:3      | Killed MTVSty1e's ghost
  4722 | D:3      | Reached skill level 1 in Invocations
  4964 | D:6      | HP: 2/40 [poisoned by a kobold]
  4964 | D:6      | Asphyxiated

Illustrated notes

Levels and vault maps discovered:
D:1:      dpeg_arrival_water_temple_mockup, layout_loops_ring
D:2:      layout_basic, shapermc_ecumenical_altar_totnotflames
D:3:      layout_basic, nicolae_overflow_ecumenical_swirl,
          ebering_ghost_disaster_area, grunt_ministairs_5, hex_large,
          chequers_serial_rivers_marsh, serial_bayou_crossing
D:4:      layout_gridville, nemelex_xobeh_ov_fountains_minmay
D:5:      layout_loops_cross, minmay_temple_entry_mist, nrook_loot_triangle
D:6:      layout_basic, gammafunk_temple_overflow_statue, uniq_sigmund
Temple:   nicolae_temple_no_exploring_needed

Skill      XL: |  1  2  3  4  5  6  7 |
---------------+----------------------+-----
Ranged Weapons | 5 6 8 9 |  9.8
Invocations    | 1 |  1.5
Fighting       | |  2.0
Dodging        | |  2.1
Stealth        | |  1.0

Action                   |  1- 3 |  4- 6 |  7- 9 || total
-------------------------+-------+-------+-------++-------
 Fire: Shortbow          |   100 |   166 |    51 ||   317
Evoke: Wand              |       |     1 |       ||     1
  Use: Scroll            |     6 |     5 |     5 ||    16
       Potion            |       |     2 |     1 ||     3
Armor: Leather armour    |    12 |    32 |     7 ||    51
Dodge: Dodged            |    42 |    57 |    13 ||   112

Table legend: (Time is in decaauts)
 A = Elapsed time spent in this place.
 B = Non-inter-level travel time spent in this place.
 C = Inter-level travel time spent in this place.
 D = Time resting spent in this place.
 E = Time spent auto-exploring this place.
 F = Levels seen in this place.
 G = Mean time per level.
                   A        B        C        D        E       F      G
               +--------+--------+--------+--------+--------+-----+--------+
         Total |   4879 |   4474 |    405 |    924 |   2902 |   7 |  697.0 |
       Dungeon |   4866 |   4472 |    394 |    924 |   2902 |   6 |  811.0 |
        Temple |     13 |      2 |     11 |      0 |      0 |   1 |   13.0 |
               +--------+--------+--------+--------+--------+-----+--------+

Top non-repeatable levels by time:
     D:5: 1350 daAuts
     D:3: 1153 daAuts
     D:2: 872 daAuts
     D:4: 775 daAuts
     D:1: 704 daAuts
  Temple: 13 daAuts
     D:6: 9 daAuts
